 Dungeon Crawl Stone Soup version 0.31-a0-743-g45f7035092 (webtiles) character file.

Game seed: 17921301873317212694

1381 heikuro the Shield-Bearer (level 8, -2/64 HPs)
             Began as a Formicid Fighter on Sept 13, 2023.
             Was an Initiate of Okawaru.
             Shot with an arrow by an orc warrior (8 damage)
             ... on level 6 of the Dungeon.
             The game lasted 00:11:17 (6114 turns).

heikuro the Shield-Bearer (Formicid Fighter)        Turns: 6114, Time: 00:11:17

Health: -2/64      AC: 12    Str: 22    XL:     8   Next: 99%
Magic:  8/8        EV:  8    Int:  9    God:    Okawaru [......]
Gold:   367        SH:  7    Dex: 25    Spells: 7/7 levels left

rFire   . . .        q - +2 whip (venom)
rCold   . . .        c - +0 buckler
rNeg    . . .        f - +0 chain mail
rPois   .            (helmet unavailable)
rElec   .            r - +0 cloak
rCorr   .            (no gloves)
SInv    +            B - +0 pair of boots
Will    .....        (no amulet) Stlth
                     k - +6 ring of dexterity
HPRegen 0.30/turn    h - +6 ring of dexterity
MPRegen 0.11/turn

%: no passive effects
@: no status effects
A: permanent stasis, dig shafts and tunnels, antennae 3, four strong arms
a: Dig, Shaft Self, Renounce Religion


You were on level 6 of the Dungeon.
You worshipped Okawaru.
Okawaru was noncommittal.
You visited 2 branches of the dungeon, and saw 7 of its levels.

You collected 367 gold pieces.

Inventory:

Hand Weapons
 a - a +0 war axe
 q - a +2 whip of venom (weapon)
 w - a +2 spear of freezing
 C - a +0 lajatang
Missiles
 l - a throwing net
 y - 9 poisoned darts (quivered)
Armour
 c - a +0 buckler (worn)
 f - a +0 chain mail (worn)
 r - a +0 cloak (worn)
 B - a +0 pair of boots (worn)
Jewellery
 e - a +4 ring of protection
 h - a +6 ring of dexterity (right hand)
 k - a +6 ring of dexterity (left hand)
Wands
 t - a wand of iceblast (17)
 G - a wand of light (7)
Scrolls
 m - a scroll of poison {unknown}
 o - a scroll of immolation {unknown}
 s - a scroll of vulnerability {unknown}
 u - a scroll of enchant weapon {unknown}
 v - a scroll of enchant armour {unknown}
 x - 2 scrolls of fog {unknown}
 z - a scroll of summoning {unknown}
 E - 2 scrolls of blinking {unknown}
 F - a scroll of torment {unknown}
Potions
 b - a potion of mutation
 d - 3 potions of might
 g - 2 potions of attraction
 i - 4 potions of curing
 j - 2 potions of lignification
 n - a potion of cancellation {unknown}
 p - 3 potions of haste {unknown}
 A - 3 potions of heal wounds {unknown}
 D - a potion of brilliance {unknown}


   Skills:
 + Level 6.0 Fighting
 * Level 6.8 Axes
 + Level 6.0 Armour
 + Level 7.2 Shields
 + Level 0.2 Invocations


You had 7 spell levels left.
You didn't know any spells.
Your spell library contained the following spells:

 Spells                   Type           Power      Damage    Failure   Level
 Ensorcelled Hibernation  Hex/Ice        0%         N/A       99%         2
 Passwall                 Tmut/Erth      0%         N/A       99%         2
 Dimensional Bullseye     Hex/Tloc       0%         N/A       100%        4
 Iskenderun's Mystic Bla  Conj/Tloc      0%         2d3       100%        4
 Leda's Liquefaction      Hex/Erth       0%         N/A       100%        4
 Lee's Rapid Deconstruct  Erth           0%         3d4*      100%        5
 Leda's Unmaking          Conj/Erth      0%         9d1       100%        6
 Swiftness                Air            Unusable   N/A       N/A         3
 Tukima's Dance           Hex            Unusable   N/A       N/A         3

Dungeon Overview and Level Annotations

Branches:
Dungeon (6/15)             Temple (1/1) D:6

Altars:
Cheibriados
Dithmenos
Elyvilon
Fedhas
Gozag
Kikubaaqudgha
Makhleb
Nemelex Xobeh
Okawaru
Qazlal
Ru
Sif Muna
Trog
Vehumet
Wu Jian
Yredelemnul
Zin
The Shining One

Shops:
D:5 *

Annotations:
D:5 1 runed translucent door, elliptic's ghost, novice MfAr
D:6 1 runed translucent door, CowFu's ghost, novice DrSh
Temple 2 transporters


Innate Abilities, Weirdness & Mutations

You cannot be hasted, slowed, berserked, paralysed or teleported.
You can dig through walls and to a lower floor.
You have a pair of large antennae on your head. (SInv)
Your four strong arms can wield two-handed weapons with a shield.


Message History

An orc comes into view. It is wielding a +0 short sword.
The orc warrior shoots an arrow.
The arrow barely misses you.
The orc moves out of view.
The orc wizard hits you but does no damage.
The orc warrior unwields a +0 orcbow.
The orc warrior wields a +0 halberd.
The orc warrior hits you but does no damage.
You hit the orc warrior.
The orc warrior is poisoned.
The orc warrior is lightly wounded.
The orc wizard hits you but does no damage.
You block the orc warrior's attack.
You whack the orc warrior!
The orc warrior is moderately wounded.
The orc wizard hits you but does no damage.
The orc warrior barely misses you.
You hit the orc wizard.
The orc wizard is poisoned.
The orc wizard is lightly wounded.
The orc hits you but does no damage. You block the orc wizard's attack.
The orc warrior hits you with a +0 halberd!
You whack the orc!
You kill the orc!
Okawaru accepts your kill. You block the orc wizard's attack.
The orc warrior barely misses you.
You closely miss the orc warrior.
The orc warrior is heavily wounded.
The orc wizard hits you but does no damage.
The orc warrior hits you with a +0 halberd!
You hit the orc wizard.
The orc wizard looks as sick as possible!
The orc wizard is heavily wounded.
The orc wizard closely misses you.
The orc warrior hits you with a +0 halberd.
You kill the orc wizard!
Okawaru accepts your kill.
The orc warrior unwields a +0 halberd.
The orc warrior wields a +0 orcbow.
The orc warrior shoots an arrow.
The arrow hits you!
* * * LOW HITPOINT WARNING * * *
The orc warrior shoots an arrow.
The arrow hits you.
* * * LOW HITPOINT WARNING * * *
The orc warrior shoots an arrow.
The arrow hits you!
You die...

.'.... #.##.#.####'##
###....####.##.#.##.....
............)#.#.##.###.
......o)).........'.#>'.
######.####.#.#..#.###.
#.# #.#....#..... #.#
#.#.#..###'## #.#
#.#.#......#. #@#
#.#.#.######.
#####+####.#.#.##.....
...........#.#.##.###. #
##......#.#.#.##.###. #.
#......#.#.......... #.
#......#.#.#.##.###.
####.####.####.#.#.##.#...
.......(..................
#..............^.......##


You could see an orc warrior (poisoned).

Vanquished Creatures
  A steam dragon (D:6)
  A water moccasin (D:6)
  An ice beast (D:6)
  2 ogres
  A phantom (D:5)
  2 scorpions
  3 hounds
  2 jellies
  Crazy Yiuf (D:2)
  3 orc priests
  A sleepcap (D:5)
  An iguana (D:5)
  Natasha (thrice) (D:2)
  3 orc wizards
  Robin (D:2)
  7 adders
  7 gnolls
  A shadow imp (D:5)
  A white imp (D:6)
  2 ufetubi
  A worm (D:2)
  A dart slug (D:3)
  9 orcs
  6 endoplasms
  2 giant cockroaches (D:3)
  16 goblins
  9 hobgoblins
  10 jackals
  3 kobolds
  4 quokkas
  6 ball pythons
  5 bats
  A frilled lizard (D:3)
  A rat (D:1)
118 creatures vanquished.

Notes
Turn   | Place    | Note
-------+----------+-------------------------------------------
     0 | D:1      | heikuro the Formicid Fighter began the quest for the Orb.
     0 | D:1      | Reached XP level 1. HP: 18/18 MP: 1/1
   148 | D:1      | Reached XP level 2. HP: 24/24 MP: 2/2
   434 | D:1      | Found a faded altar of an unknown god.
   705 | D:2      | Noticed a scorpion
   717 | D:2      | Killed a scorpion
   718 | D:2      | Reached XP level 3. HP: 18/30 MP: 3/3
   718 | D:2      | Reached XP level 4. HP: 22/37 MP: 4/4
   976 | D:2      | Reached XP level 5. HP: 42/42 MP: 5/5
  1295 | D:2      | Noticed Robin
  1313 | D:2      | Killed Robin
  1358 | D:2      | Found a runed translucent door.
  1359 | D:2      | Noticed Crazy Yiuf
  1369 | D:2      | Killed Crazy Yiuf
  1370 | D:2      | Reached skill level 5 in Shields
  1739 | D:2      | Reached XP level 6. HP: 34/48 MP: 6/6
  1909 | D:2      | Noticed Natasha
  1920 | D:2      | Killed Natasha
  2445 | D:2      | Noticed Natasha
  2457 | D:2      | Killed Natasha
  2871 | D:2      | Noticed Natasha
  2879 | D:2      | Killed Natasha
  3272 | D:3      | Noticed an ogre
  3289 | D:3      | Killed an ogre
  3290 | D:3      | Reached XP level 7. HP: 31/55 MP: 7/7
  3904 | D:3      | Found a sacrificial altar of Ru.
  4030 | D:4      | Reached skill level 5 in Axes
  4149 | D:4      | Reached skill level 6 in Shields
  4351 | D:4      | Reached skill level 5 in Fighting
  4351 | D:4      | Reached skill level 5 in Armour
  4695 | D:5      | Entered Level 5 of the Dungeon
  4753 | D:5      | Found a runed translucent door.
  4834 | D:5      | Reached XP level 8. HP: 49/62 MP: 8/8
  5292 | D:5      | Noticed elliptic's ghost (novice MfAr)
  5383 | D:5      | Found Leath's CLEARANCE SALE!.
  5444 | D:6      | Reached skill level 7 in Shields
  5557 | D:6      | Noticed CowFu's ghost (novice DrSh)
  5901 | D:6      | Found a runed translucent door.
  5976 | D:6      | Found a staircase to the Ecumenical Temple.
  6032 | Temple   | Found a transporter.
  6032 | Temple   | Found a transporter.
  6032 | Temple   | Found a transporter.
  6032 | Temple   | Found a transporter.
  6032 | Temple   | Entered the Ecumenical Temple
  6044 | Temple   | Became a worshipper of Warmaster Okawaru
  6114 | D:6      | Shot with an arrow by an orc warrior

Illustrated notes

Levels and vault maps discovered:
D:1:      dpeg_arrival_castle, layout_loops_ring,
          shapermc_ecumenical_altar_mp_vishouse, minivault_11
D:2:      layout_basic, uniq_robin, uniq_natasha, uniq_crazy_yiuf_cottage
D:3:      layout_basic, mainiacjoe_overflow_alcove_2, serial_glass,
          glass_columns_b, glass_columns_c
D:4:      layout_rooms
D:5:      layout_basic, gammafunk_ghost_grave, nicolae_shop_clearance
D:6:      layout_basic, minmay_temple_entry_glassed_door,
          hellmonk_ghost_happy_afterlife
Temple:   hellmonk_temple_divided_pantheon

Skill      XL: |  1  2  3  4  5  6  7  8 |
---------------+-------------------------+-----
Axes           | 3 4 5 6 |  6.8
Armour         | 4 5 6 |  6.0
Fighting       | 4 5 6 |  6.0
Shields        | 5 6 7 |  7.2
Invocations    | |  0.2

Action                     |  1- 3 |  4- 6 |  7- 9 || total
---------------------------+-------+-------+-------++-------
  Melee: War axe           |    50 |    49 |       ||    99
         Whip              |       |    43 |   161 ||   204
         Lajatang          |       |       |    39 ||    39
         Spear             |       |       |    18 ||    18
    Use: Scroll            |       |       |     6 ||     6
 Armour: Chain mail        |    51 |    83 |   172 ||   306
  Dodge: Dodged            |    20 |    31 |    81 ||   132
  Block: Buckler           |     6 |    27 |    70 ||   103

Table legend: (Time is in decaauts)
 A = Elapsed time spent in this place.
 B = Non-inter-level travel time spent in this place.
 C = Inter-level travel time spent in this place.
 D = Time resting spent in this place.
 E = Time spent auto-exploring this place.
 F = Levels seen in this place.
 G = Mean time per level.
                   A        B        C        D        E       F      G
               +--------+--------+--------+--------+--------+-----+--------+
         Total |   6162 |   6041 |    121 |    669 |   3860 |   7 |  880.3 |
       Dungeon |   6122 |   6001 |    121 |    669 |   3860 |   6 | 1020.3 |
        Temple |     39 |     39 |      0 |      0 |      0 |   1 |   39.0 |
               +--------+--------+--------+--------+--------+-----+--------+

Top non-repeatable levels by time:
     D:2: 2370 daAuts
     D:1: 871 daAuts
     D:3: 752 daAuts
     D:4: 738 daAuts
     D:5: 712 daAuts
     D:6: 677 daAuts
  Temple: 39 daAuts
